 Dungeon Crawl Stone Soup version 0.31-a0-187-gba352fbbf7 (webtiles) character file.

Game seed: 15157895891361582711

82 qw the Shooter (level 4, -10/25 HPs)
             Began as a Deep Elf Hunter on June 22, 2023.
             Mangled by a gnoll
             ... wielding a +0 halberd
              (12 damage)
             ... on level 2 of the Dungeon.
             The game lasted 00:00:28 (1160 turns).

qw the Shooter (Deep Elf Hunter)                    Turns: 1160, Time: 00:00:28

Health: -10/25     AC:  4    Str: 10    XL:     4   Next: 21%
Magic:  6/6        EV: 12    Int: 14    God:
Gold:   44         SH:  0    Dex: 18    Spells: 3/3 levels left

rFire   . . .        Y - +0 shortbow
rCold   . . .        (shield currently unavailable)
rNeg    . . .        c - +0 leather armour
rPois   +            (no helmet)
rElec   .            (no cloak)
rCorr   .            d - +0 pair of gloves
SInv    .            (no boots)
Will    .....        (no amulet)
Stlth   ++           j - ring of poison resistance
HPRegen 0.24/turn    (no ring)
MPRegen 0.10/turn

%: no passive effects
@: no status effects
A: no striking features
a: no special abilities


You were on level 2 of the Dungeon.
You visited 1 branch of the dungeon, and saw 2 of its levels.

You collected 44 gold pieces.


   Skills:
 - Level 1.5 Fighting
 + Level 7.6 Ranged Weapons
 - Level 2.4 Dodging
 - Level 1.2 Stealth


You had 3 spell levels left.
You didn't know any spells.
Your spell library was empty.

Inventory:

Hand Weapons
 Y - a +0 shortbow (weapon)
Armour
 c - a +0 leather armour (worn)
 d - a +0 pair of gloves (worn)
Jewellery
 j - a ring of poison resistance (left hand)
Scrolls
 b - a scroll of brand weapon {unknown}
Potions
 a - a potion of degeneration {unknown}
 e - a potion of brilliance {unknown}
 h - a potion of curing {unknown}
 i - a potion of heal wounds {unknown}

Dungeon Overview and Level Annotations

Branches:
Dungeon (2/15)

Altars:

Shops:
D:2 [


Message History

A gnoll comes into view. It is wielding a +0 club.
The gnoll moves out of view.
Enter note: You shoot an arrow.
The arrow closely misses the gnoll.
The gnoll shouts!
You shoot an arrow. The arrow closely misses the gnoll.
The gnoll shouts!
You hear a shout!
You shoot an arrow.
The arrow hits the gnoll but does no damage.
You shoot an arrow. The arrow closely misses the gnoll.
The gnoll misses you.
You shoot an arrow. The arrow hits the gnoll.
The gnoll is moderately wounded.
The gnoll hits you from afar with a +0 halberd!
A hobgoblin comes into view.
You shoot an arrow.
The arrow hits the gnoll but does no damage.
The gnoll is moderately wounded.
The gnoll completely misses you.
You shoot an arrow. The arrow barely misses the gnoll.
The arrow closely misses the gnoll.
The gnoll barely misses you.
You shoot an arrow. The arrow barely misses the gnoll.
The arrow hits the gnoll!
The gnoll is heavily wounded.
The gnoll barely misses you.
You shoot an arrow. The arrow hits the hobgoblin.
You kill the hobgoblin!
The gnoll barely misses you.
You shoot an arrow. The arrow barely misses the gnoll.
The arrow closely misses the gnoll.
The gnoll hits you from afar with a +0 halberd!
You shoot an arrow. The arrow closely misses the gnoll.
The arrow hits the gnoll.
The gnoll is severely wounded.
The gnoll hits you from afar with a +0 halberd!
You shoot an arrow. The arrow barely misses the gnoll.
The arrow hits the gnoll.
The gnoll is almost dead.
The gnoll hits you from afar with a +0 halberd!
You die...

#.##.# #.#
#.##.####.######
#.##...).......#
#.##..###)####.###
#.........#......#
#.........#.##.#.#
..........# #.#.#
#........## .#..#
.#.......# .###@#
##.......# ..
#%...# #.......#..
#.#g#.#
##...####......g#.#
....# ##. .## #
..... #.#. # .. ..


You could see 2 gnolls.

Vanquished Creatures
  3 adders
  2 gnolls (D:2)
  A dart slug (D:1)
  An endoplasm (D:1)
  A giant cockroach (D:1)
  6 hobgoblins
  5 kobolds (D:1)
  2 quokkas (D:1)
  7 ball pythons
  A bat (D:1)
  3 frilled lizards
  3 rats (D:1)
35 creatures vanquished.

Notes
Turn   | Place    | Note
-------+----------+-------------------------------------------
     0 | D:1      | qw the Deep Elf Hunter began the quest for the Orb.
     0 | D:1      | Reached XP level 1. HP: 12/12 MP: 3/3
     0 | D:1      | 0 ||| qw: Version: 0.3-a-9-g12657ce
     0 | D:1      | 0 ||| qw: Game counter: 2007
     0 | D:1      | 0 ||| qw: Always use a shield: true
     0 | D:1      | 0 ||| qw: God list: Okawaru
     0 | D:1      | 0 ||| qw: Allow faded altars: false
     0 | D:1      | 0 ||| qw: Do Orc after D:15 true
     0 | D:1      | 0 ||| qw: Do second Lair branch before Depths: true
     0 | D:1      | 0 ||| qw: Lair rune preference: random
     0 | D:1      | 0 ||| qw: Plans: Normal
     0 | D:1      | 0 ||| PLANNING D:1-11
    19 | D:1      | HP: 3/12 [quokka (3)]
   159 | D:1      | Reached XP level 2. HP: 16/16 MP: 4/4
   162 | D:1      | Reached skill level 6 in Ranged Weapons
   538 | D:1      | Found a faded altar of an unknown god.
   592 | D:1      | Reached XP level 3. HP: 20/20 MP: 5/5
   903 | D:1      | 903 ||| UPGRADING to +0 pair of gloves.
   908 | D:1      | 908 ||| UPGRADING to ring of poison resistance.
   909 | D:1      | 909 ||| READING scroll labelled SACUXTYF ZIUL.
   910 | D:1      | 910 ||| READING scroll labelled WIHETO JOASOI.
   911 | D:1      | 911 ||| READING scroll labelled LEYNY VUIV.
   912 | D:1      | 912 ||| READING scroll labelled YGISTO SISSESCH.
   913 | D:1      | 913 ||| READING scroll labelled COEPO JEWOE.
   914 | D:1      | 914 ||| DROPPING scroll of butterflies.
   943 | D:2      | Found Vunn's Antique Armour Boutique.
   949 | D:2      | 949 ||| STAIRDANCE
   985 | D:2      | 985 ||| SHOPLISTING embroidered robe (92 gold, have 44).
   985 | D:2      | 985 ||| SHOPLISTING glowing robe (92 gold, have 44).
   985 | D:2      | 985 ||| SHOPLISTING ring mail (100 gold, have 44).
   985 | D:2      | 985 ||| SHOPLISTING shiny helmet (187 gold, have 44).
   985 | D:2      | 985 ||| SHOPLISTING shiny scale mail (175 gold, have 44).
  1009 | D:2      | Reached skill level 7 in Ranged Weapons
  1116 | D:2      | Reached XP level 4. HP: 21/25 MP: 6/6
  1159 | D:2      | HP: 2/25 [gnoll/+0 halberd (9)]
  1160 | D:2      | Mangled by a gnoll

Levels and vault maps discovered:
D:1:      lemuel_arrival_cross, layout_loops_corners,
          hellmonk_ecumenical_altar_pennies_from_heaven, minmay_misc_feat_doors,
          corner_web_ring, minmay_gold_behind_fungi,
          corexii_item_surrounded_by_moat
D:2:      layout_loops_corners, serial_shops, shop

Skill      XL: |  1  2  3 |
---------------+----------+-----
Ranged Weapons | 6 7 |  7.6
Fighting       | |  1.5
Dodging        | |  2.4
Stealth        | |  1.2

Action                     |  1- 3 |  4- 6 || total
---------------------------+-------+-------++-------
   Fire: Shortbow          |    93 |    16 ||   109
    Use: Scroll            |     5 |       ||     5
 Armour: Leather armour    |    16 |       ||    16
  Dodge: Dodged            |    22 |     7 ||    29

Table legend:
 A = Non-vault XP
 B = Vault XP
 C = Vault XP percentage of total XP
 D = Non-vault monster count
 E = Vault monster count
 F = Vault count percentage of total count
                 A         B        C        D         E       F
            +---------+---------+-------+---------+---------+-------
      Total |     118 |       0 |   0.0 |      35 |       0 |   0.0
            +---------+---------+-------+---------+---------+-------
        D:1 |      60 |       0 |   0.0 |      28 |       0 |   0.0
        D:2 |      58 |       0 |   0.0 |       7 |       0 |   0.0
            +---------+---------+-------+---------+---------+-------
